 Dungeon Crawl Stone Soup version 0.32-a0-329-ge6c31236d6 (webtiles) character file.

Game seed: 1047556590963902702

60 runemasterragnar the Shield-Bearer (level 3, 0/49 HPs)
             Began as a Mountain Dwarf Fighter on Feb 16, 2024.
             Slain by a ribbon worm (1 damage)
             ... on level 2 of the Dungeon.
             The game lasted 00:01:36 (1270 turns).

runemasterragnar the Shield-Bearer (MDFi)           Turns: 1270, Time: 00:01:36

Health: 0/49       AC: 21    Str: 20    XL:     3   Next: 80%
Magic:  3/3        EV:  2    Int:  8    God:
Gold:   32         SH:  8    Dex:  9    Spells: 2/2 levels left

rFire   . . .        a - +0 war axe
rCold   . . .        g - +0 kite shield
rNeg    . . .        (body armour currently unavailable)
rPois   +            (helmet currently unavailable)
rElec   .            (cloak currently unavailable)
rCorr   .            (gloves currently unavailable)
SInv    .            (boots currently unavailable)
Will    .....        (no amulet)
Stlth   +            (no ring)
HPRegen 0.28/turn    (no ring)
MPRegen 0.08/turn

%: no passive effects
@: tree-form, attractive
A: stationary, stasis, torment immunity, boosted hp, runic magic, artefact
enchanting
a: no special abilities


You were on level 2 of the Dungeon.
You were a tree.
You visited 1 branch of the dungeon, and saw 2 of its levels.

You collected 32 gold pieces.

Inventory:

Hand Weapons
 a - a +0 war axe (weapon)
Armour
 c - a +0 buckler
 g - a +0 kite shield (worn)
Jewellery
 h - a ring of fire
Scrolls
 e - a scroll of immolation {unknown}
 j - a scroll of enchant weapon {unknown}
 k - a scroll of identify {unknown}
 l - a scroll of fear {unknown}
 n - a scroll of butterflies {unknown}
Potions
 d - a potion of might


   Skills:
 + Level 3.7 Fighting
 * Level 3.7 Axes
 + Level 3.7 Armour
 + Level 3.7 Shields


You had 2 spell levels left.
You didn't know any spells.
Your spell library was empty.

Dungeon Overview and Level Annotations

Branches:
Dungeon (2/15)

Altars:

Shops:
D:1 (


Innate Abilities, Weirdness & Mutations

You are a tree.
Your roots penetrate the ground, keeping you stationary.
You cannot be teleported.
You are immune to unholy pain and torment.
Your maximum health is greatly increased.
Your equipment is partially melded.
Your spellcasting is much less encumbered by armour.
You can use scrolls of enchantment on lesser artefacts.


Message History

You are caught in a web!
You struggle to detach yourself from the web.
The ribbon worm bites you.
The web tears apart.
The ribbon worm bites you.
You hit the ribbon worm.
The ribbon worm is heavily wounded.
You block the ribbon worm's attack.
You hit the ribbon worm.
The ribbon worm is severely wounded.
The ribbon worm expels a string of sticky webbing.
The stream of webbing hits you but does no damage.
You are caught in a web!
The web tears apart.
The ribbon worm closely misses you.
You hit the ribbon worm but do no damage.
The ribbon worm is heavily wounded.
The ribbon worm expels a string of sticky webbing.
You block the stream of webbing.
You barely miss the ribbon worm.
The ribbon worm is heavily wounded.
The ribbon worm bites you!
* * * LOW HITPOINT WARNING * * *
You barely miss the ribbon worm.
The ribbon worm is heavily wounded.
The ribbon worm barely misses you.
It was a potion of cancellation.
You feel magically purged. You block the ribbon worm's attack.
It was a potion of magic.
Magic courses through your body. The ribbon worm bites you.
* * * LOW HITPOINT WARNING * * *
It was a potion of attraction.
You feel attractive to monsters. The ribbon worm closely misses you.
It was a potion of lignification.
You turn into a tree.
Your roots penetrate the ground.
You slash the ribbon worm!
The ribbon worm is almost dead.
The ribbon worm bites you.
* * * LOW HITPOINT WARNING * * *
The ribbon worm bites you.
You die...

..... #....##.#
... #....##.## ...
#....##..#### ...
#....###....# #.#
#.......###.. #.#
#.......# ##. #.#
#####...# #.
#w########...#####
#♣#......'........
#.#.######...#....
#.#.# #...#....
#.#.# #...#....
#...# #####....
##### #.... #....
#[... ####'


You could see a ribbon worm.

Vanquished Creatures
  A dart slug (D:1)
  2 endoplasms (D:1)
  2 giant cockroaches
  A goblin (D:1)
  4 hobgoblins (D:1)
  6 kobolds
  A quokka (D:1)
  2 ball pythons (D:1)
  5 bats (D:1)
  2 frilled lizards
  9 rats
35 creatures vanquished.

Notes
Turn   | Place    | Note
-------+----------+-------------------------------------------
     0 | D:1      | runemasterragnar the Mountain Dwarf Fighter began the quest
                  | for the Orb.
     0 | D:1      | Reached XP level 1. HP: 19/19 MP: 1/1
   168 | D:1      | Reached XP level 2. HP: 17/26 MP: 2/2
   424 | D:1      | Found Tutit's Weapon Emporium.
   459 | D:1      | Reached XP level 3. HP: 21/31 MP: 3/3
  1267 | D:2      | HP: 1/33 [ribbon worm (6)]
  1270 | D:2      | Slain by a ribbon worm

Illustrated notes

Levels and vault maps discovered:
D:1:      dpeg_arrival_ratfight, layout_loops_ring, serial_shops, shop
D:2:      layout_basic, minmay_misc_feat_secret_circle

Skill      XL: |  1  2 |
---------------+-------+-----
Axes           | 3 |  3.7
Fighting       | |  3.7
Armour         | |  3.7
Shields        | |  3.7

Action                     || total
---------------------------++-------
  Melee: War axe           ||    89
    Use: Potion            ||     4
 Armour: Scale mail        ||    13
         Chain mail        ||     8
         Skin              ||    29
  Dodge: Dodged            ||    44
  Block: Buckler           ||     1
         Kite shield       ||    31

Table legend: (Time is in decaauts)
 A = Elapsed time spent in this place.
 B = Non-inter-level travel time spent in this place.
 C = Inter-level travel time spent in this place.
 D = Time resting spent in this place.
 E = Time spent auto-exploring this place.
 F = Levels seen in this place.
 G = Mean time per level.
                   A        B        C        D        E       F      G
               +--------+--------+--------+--------+--------+-----+--------+
         Total |   1308 |   1215 |     93 |      0 |    944 |   2 |  654.0 |
       Dungeon |   1308 |   1215 |     93 |      0 |    944 |   2 |  654.0 |
               +--------+--------+--------+--------+--------+-----+--------+

Top non-repeatable levels by time:
     D:1: 1041 daAuts
     D:2: 266 daAuts
